 Dungeon Crawl Stone Soup version 0.31-a0-640-g39d97e502b (webtiles) character file.

Game seed: 12845222966844506321

200 Newt the Trooper (level 5, 0/35 HPs)
             Began as a Gargoyle Fighter on Aug 27, 2023.
             Was a Believer of Makhleb.
             Slain by a gnoll sergeant
             ... wielding a +6 vampiric spear
              (3 damage)
             ... on level 4 of the Dungeon.
             The game lasted 00:02:31 (2377 turns).

Newt the Trooper (Gargoyle Fighter)                 Turns: 2377, Time: 00:02:31

Health: 0/35       AC: 12    Str: 21    XL:     5   Next: 79%
Magic:  5/5        EV:  9    Int:  9    God:    Makhleb [**....]
Gold:   124        SH:  5    Dex:  9    Spells: 4/4 levels left

rFire   + . .        k - +1 whip (vamp)
rCold   . . .        c - +1 buckler
rNeg    + . .        b - +0 scale mail
rPois   ∞            (no helmet)
rElec   +            (no cloak)
rCorr   .            (no gloves)
SInv    .            j - +0 pair of boots
Will    .....        (no amulet) Stlth
                     e - ring of protection from fire
HPRegen 0.25/turn    (no ring)
MPRegen 0.09/turn

%: no passive effects
@: no status effects
A: sickness immunity, AC +4, negative energy resistance 1, electricity
resistance, torment resistance 1, petrification resistance
a: Renounce Religion, Minor Destruction


You were on level 4 of the Dungeon.
You worshipped Makhleb.
Makhleb was pleased with you.
You visited 1 branch of the dungeon, and saw 4 of its levels.

You collected 124 gold pieces.

Inventory:

Hand Weapons
 a - a +0 flail
 k - a +1 vampiric whip (weapon)
Missiles
 g - 3 javelins
Armour
 b - a +0 scale mail (worn)
 c - a +1 buckler (worn)
 j - a +0 pair of boots (worn)
Jewellery
 e - a ring of protection from fire (left hand)
Scrolls
 i - 3 scrolls of enchant armour
Potions
 d - 2 potions of might
 f - 2 potions of heal wounds
 h - a potion of attraction {unknown}
 l - a potion of curing {unknown}
 m - a potion of brilliance {unknown}


   Skills:
 - Level 5.0 Fighting
 + Level 4.7 Maces & Flails
 - Level 3.2 Armour
 - Level 3.2 Shields


You had 4 spell levels left.
You didn't know any spells.
Your spell library contained the following spells:

 Spells                   Type           Power      Damage    Failure   Level
 Apportation              Tloc           0%         N/A       80%         1
 Magic Dart               Conj           0%         1d3       80%         1
 Necrotise                Necr           0%         1d4       80%         1
 Summon Small Mammal      Summ           0%         N/A       80%         1
 Call Imp                 Summ           0%         N/A       90%         2
 Dazzling Flash           Conj/Hex       0%         N/A       99%         3
 Mephitic Cloud           Conj/Pois/Air  0%         N/A       99%         3
 Agony                    Necr           0%         N/A       100%        5
 Silence                  Hex/Air        0%         N/A       100%        5


Dungeon Overview and Level Annotations

Branches:
Dungeon (4/15)
 Temple: D:4-7

Altars:
Makhleb
Vehumet


Innate Abilities, Weirdness & Mutations

You are immune to sickness and miasma.
Your stone body is resilient. (AC +4)
You are immune to poison.
You resist negative energy. (rN+)
You are resistant to electric shocks. (rElec)
You are resistant to unholy torment.
You are immune to petrification.


Message History

You start waiting.
Done waiting.
You start waiting.
Done waiting.
You climb downwards.
There is a stone staircase leading up here.
Hit: k) +1 whip (vamp)
Press: ? - help, Dir - move target, f - gnoll sergeant
Aim: a gnoll sergeant, wielding a +6 vampiric spear, wearing a +0 ring mail and wearing a +0 kite shield (about 29% to evade your +1 vampiric whip)
Your weapon can't reach that far!
Okay, then.
Unknown command.
Throw: 4 javelins
Press: ? - help, Shift-Dir - straight line, f - gnoll sergeant
Aim: a gnoll sergeant, wielding a +6 vampiric spear, wearing a +0 ring mail and wearing a +0 kite shield (65% to hit)
You throw a javelin.
The javelin barely misses the gnoll sergeant.
Unknown command.
The gnoll sergeant misses you.
You hit the gnoll sergeant but do no damage.
You block the gnoll sergeant's attack. The gnoll sergeant blocks your attack.
The gnoll sergeant hits you with a +6 vampiric spear.
You whack the gnoll sergeant!
You feel better.
The gnoll sergeant is moderately wounded.
The gnoll sergeant hits you with a +6 vampiric spear!
You hit the gnoll sergeant.
The gnoll sergeant is moderately wounded.
The gnoll sergeant hits you but does no damage.
You hit the gnoll sergeant.
You feel better.
The gnoll sergeant is severely wounded.
The gnoll sergeant hits you with a +6 vampiric spear!
You hit the gnoll sergeant but do no damage.
The gnoll sergeant is severely wounded.
The gnoll sergeant hits you with a +6 vampiric spear.
The gnoll sergeant hits you from afar with a +6 vampiric spear!
* * * LOW HITPOINT WARNING * * *
There is a stone staircase leading up here.
The gnoll sergeant hits you from afar with a +6 vampiric spear.
You die...

............#.....
.........#....#
.........##g.##
............(##
...#.....g..(.####
##.....#..#.......
##.....##g........
#...#......#.....
#...###.@..####.###
#... ##..## .# ...
#..# # #... ..###
#..# #... #.#.


You could see a gnoll sergeant.

Vanquished Creatures
  4 gnolls
  8 adders
  A dart slug (D:1)
  3 orcs (D:3)
  5 endoplasms
  4 giant cockroaches
  8 goblins
  6 hobgoblins
  9 jackals
  7 quokkas
  4 ball pythons
  7 bats
  A frilled lizard (D:2)
  4 kobolds
  11 rats
82 creatures vanquished.

Notes
Turn   | Place    | Note
-------+----------+-------------------------------------------
     0 | D:1      | Newt the Gargoyle Fighter began the quest for the Orb.
     0 | D:1      | Reached XP level 1. HP: 14/14 MP: 1/1
    97 | D:1      | Reached XP level 2. HP: 20/20 MP: 2/2
   110 | D:1      | Reached skill level 4 in Fighting
   225 | D:1      | Reached XP level 3. HP: 24/24 MP: 3/3
   672 | D:1      | Reached skill level 5 in Fighting
  1059 | D:2      | Found a faded altar of an unknown god.
  1118 | D:2      | Reached XP level 4. HP: 31/31 MP: 4/4
  1127 | D:2      | Prayed at the altar of an unknown god.
  1127 | D:2      | Became a worshipper of Makhleb the Destroyer
  1127 | D:2      | Reached * piety under Makhleb
  1652 | D:3      | Found a radiant altar of Vehumet.
  1683 | D:3      | Reached XP level 5. HP: 35/35 MP: 5/5
  1706 | D:3      | Reached ** piety under Makhleb
  2377 | D:4      | Slain by a gnoll sergeant

Illustrated notes

Levels and vault maps discovered:
D:1:      minmay_arrival_jagged, layout_basic, serial_forest,
          infiniplex_forest_straight_1, infiniplex_forest_clump_curved,
          infiniplex_forest_end_3, infiniplex_forest_lined_room_2,
          infiniplex_forest_clump_double, infiniplex_forest_clump_long,
          infiniplex_forest_straight_1, hangedman_decor_growths
D:2:      minmay_chambers_of_ones, layout_loops_ring,
          nicolae_ecumenical_pavilion, grunt_ministairs_9,
          serial_bayou_lagoon_a, minmay_misc_feat_tiny, serial_park_tiny_2,
          chequers_serial_rivers_marsh, minmay_misc_feat_four_crosses
D:3:      layout_rooms, mainiacjoe_overflow_tiny_flanked
D:4:      layout_layer_cave, mainiacjoe_overflow_brackets, serial_shops,
          kennysheep_little_box, minmay_manual_monstrance, uniq_sigmund,
          uniq_eustachio

Skill      XL: |  1  2  3  4  5 |
---------------+----------------+-----
Fighting       | 4 5 |  5.0
Maces & Flails | 3 4 |  4.7
Armour         | |  3.2
Shields        | |  3.2

Action                     |  1- 3 |  4- 6 || total
---------------------------+-------+-------++-------
  Melee: Flail             |   123 |       ||   123
         Whip              |    24 |   190 ||   214
  Throw: Javelin           |       |     1 ||     1
    Use: Scroll            |     3 |     1 ||     4
         Potion            |       |     2 ||     2
 Armour: Scale mail        |    97 |   140 ||   237
  Dodge: Dodged            |    83 |   124 ||   207
  Block: Buckler           |    17 |    62 ||    79

Table legend: (Time is in decaauts)
 A = Elapsed time spent in this place.
 B = Non-inter-level travel time spent in this place.
 C = Inter-level travel time spent in this place.
 D = Time resting spent in this place.
 E = Time spent auto-exploring this place.
 F = Levels seen in this place.
 G = Mean time per level.
                   A        B        C        D        E       F      G
               +--------+--------+--------+--------+--------+-----+--------+
         Total |   2420 |   2335 |     85 |    200 |   1492 |   4 |  605.0 |
       Dungeon |   2420 |   2335 |     85 |    200 |   1492 |   4 |  605.0 |
               +--------+--------+--------+--------+--------+-----+--------+

Top non-repeatable levels by time:
     D:2: 898 daAuts
     D:1: 732 daAuts
     D:3: 724 daAuts
     D:4: 65 daAuts
